Map: Echo LE (Void)

Players

BadWolf

  • Race: Zerg Zerg

Bop - Winner!

  • Race: Zerg Zerg

VOD

Have the link to the VOD?

Description

Time

  • Played on: May 1, 2015, 12:03 a.m.
  • Length: 2:54
Show
View Real Time Build Order
Export as new Build Order

BadWolf Zerg 

Build Orders: Hatch First 

Get SALT Encoding   

  12  0:01  Drone  
  13  0:09  Drone  
  14  0:19  Overlord  
  14  0:40  Hatchery  
  13  0:45  Drone  
  13  0:48  Drone  
  15  0:51  Drone  
  16  1:07  Spawning Pool  
  15  1:12  Drone  
  15  1:15  Drone  
  17  1:42  Hatchery, Overlord  
  16  1:52  Drone x2  
  18  1:56  Zergling x4  
  20  2:01  Extractor  
  20  2:05  Queen  
  21  2:15  Queen  
  21  2:20  Drone  
  24  2:24  Drone  
  24  2:27  Drone  
  24  2:28  Drone  
  27  2:36  Overlord  
Show
View Real Time Build Order
Export as new Build Order

Bop Zerg - Winner!

Build Orders: Pool Only 

Get SALT Encoding   

  12  0:01  Drone  
  13  0:23  Drone, Extractor  
  13  0:28  Spawning Pool  
  12  0:40  Drone x2  
  14  0:44  Drone, Extractor  
  15  0:52  Overlord  
  15  1:18  Roach Warren  
  14  1:20  Queen  
  16  1:27  Metabolic Boost  
  16  1:52  Overlord  
  16  1:58  Roach x2  
  20  2:05  Roach  
  22  2:20  Zergling x2  
  23  2:25  Zergling x2  
  24  2:31  Zergling x8  
  28  2:42  Extractor  
  27  2:52  Ravager x2  
Tags
 
Add a new tag
Caveats
  • Supply blocks, unpowered buildings, or Contaminate may cause inaccurate times.
  • Supply counts are checked every 10 seconds.